 Dungeon Crawl Stone Soup version 0.30.0-3-ga4e48a9924 (webtiles) character file.

Game seed: 6685124372103068150

77 Gelion the Covered (level 4, -1/40 HPs)
             Began as a Minotaur Fighter on May 7, 2023.
             Killed from afar by Robin (12 damage)
             ... with a bolt of light
             ... on level 2 of the Dungeon.
             The game lasted 00:03:19 (1501 turns).

Gelion the Covered (Minotaur Fighter)               Turns: 1501, Time: 00:03:20

Health: -1/40      AC:  8    Str: 21    XL:     4   Next: 14%
Magic:  3/3        EV:  9    Int:  5    God:
Gold:   96         SH:  4    Dex: 11    Spells: 3/3 levels left

rFire   . . .        a - +0 flail
rCold   . . .        c - +0 buckler
rNeg    . . .        b - +0 scale mail
rPois   .            (helmet restricted)
rElec   .            (no cloak)
rCorr   .            f - +0 pair of gloves
SInv    .            (no boots)
Will    .....        (no amulet) Stlth
                     (no ring)
HPRegen 0.26/turn    (no ring)
MPRegen 0.08/turn

%: no passive effects
@: no status effects
A: horns 2, retaliatory headbutt
a: no special abilities


You were on level 2 of the Dungeon.
You visited 1 branch of the dungeon, and saw 2 of its levels.

You collected 96 gold pieces.

Inventory:

Hand Weapons
 a - a +0 flail (weapon)
Armour
 b - a +0 scale mail (worn)
 c - a +0 buckler (worn)
 f - a +0 pair of gloves (worn)
Scrolls
 e - a scroll of identify {unknown}
 g - a scroll of silence {unknown}
 h - 2 scrolls of magic mapping {unknown}
 i - a scroll of fog {unknown}
 k - a scroll of vulnerability {unknown}
 l - a scroll of enchant armour {unknown}
Potions
 d - a potion of might
 j - a potion of magic {unknown}
 m - 2 potions of curing {unknown}


   Skills:
 + Level 4.2 Fighting
 * Level 3.8 Maces & Flails
 + Level 4.2 Armour
 + Level 4.2 Shields


You had 3 spell levels left.
You didn't know any spells.
Your spell library contained the following spells:

 Spells                   Type           Power      Damage    Failure   Level
 Blink                    Tloc           0%         N/A       95%         2
 Lesser Beckoning         Tloc           0%         N/A       95%         2
 Momentum Strike          Conj/Tloc      0%         3d8       95%         2


Dungeon Overview and Level Annotations

Branches:
Dungeon (2/15)

Altars:

Annotations:
D:2 Robin


Innate Abilities, Weirdness & Mutations

You have a pair of horns on your head.
You reflexively headbutt those who attack you in melee.


Message History

The goblin hits you but does no damage. x2; The goblin completely misses you.
You barely miss the goblin.
The goblin no longer looks unusually strong.
The hobgoblin no longer looks unusually strong.
Robin roars a battlecry!
The goblins go into a battle-frenzy!
You block the goblin's attack. The goblin hits you but does no damage.
You closely miss the goblin. You headbutt the goblin.
You kill the goblin!
Robin throws the goblin at you!
Robin zaps a wand.
The bolt of light hits the goblin!!
The goblin dies!
The bolt of light hits you!
You are confused.
The goblin hits you but does no damage.
You are too confused!
You are too confused!
You are too confused!
You are too confused!
You are too confused!
You hit the goblin.
You kill the goblin!
Robin throws the goblin at you! The goblin barely misses you.
The goblin misses you.
You hit the goblin.
You kill the goblin!
Robin throws the goblin at you! The goblin hits you with a +0 dagger.
The hobgoblin hits you but does no damage.
The goblin hits you with a +0 dagger.
You're too confused to move!
You feel less confused. The hobgoblin hits you.
* * * LOW HITPOINT WARNING * * *
The goblin hits you with a +0 dagger.
* * * LOW HITPOINT WARNING * * *
You sock the hobgoblin!
You kill the hobgoblin!
The goblin hits you but does no damage.
Robin zaps a wand.
The bolt of light hits you!
You die...

#.......# #.... #.#.###.#
#.... #.#.# #.# #....
##+# #.#.###.# #....
#...# #.#..##.# #..(.
.....# #.##.##.# ###.#
>.....# ##..#.##.## #.#
.......###.........####.#
.......g@g...........)...
.......###.....###.####.#
......# #.#...# #.# #..
.....# #.##.## #.# ###
#...# #.##รท# #.# # ##+#
#.##.####.# # #)#
#.........# # #)#
####.###### # ##.## #.# #


You could see Robin (fast) and a goblin (strong).

Vanquished Creatures
  4 gnolls
  A dart slug (D:2)
  3 bats
  2 endoplasms
  8 goblins
  5 hobgoblins
  2 quokkas (D:1)
  3 ball pythons (D:1)
  2 frilled lizards
  4 kobolds
  3 rats (D:1)
37 creatures vanquished.

Vanquished Creatures (others)
  A goblin (D:2)
1 creature vanquished.

Grand Total: 38 creatures vanquished

Notes
Turn   | Place    | Note
-------+----------+-------------------------------------------
     0 | D:1      | Gelion the Minotaur Fighter began the quest for the Orb.
     0 | D:1      | Reached XP level 1. HP: 19/19 MP: 0/0
    74 | D:1      | Reached XP level 2. HP: 16/27 MP: 1/1
   356 | D:1      | Reached XP level 3. HP: 31/33 MP: 2/2
   770 | D:1      | You fall into a shaft and drop 1 floor!
  1356 | D:2      | Reached XP level 4. HP: 40/40 MP: 3/3
  1484 | D:2      | Noticed Robin
  1501 | D:2      | Killed from afar by Robin

Illustrated notes

Levels and vault maps discovered:
D:1:      sevenhm_arrival_forest_fort_small_4, layout_basic
D:2:      layout_loops_corners, minmay_tromino_v2, uniq_robin

Skill      XL: |  1  2  3 |
---------------+----------+-----
Maces & Flails | 3 |  3.8
Armour         | 4 |  4.2
Fighting       | 4 |  4.2
Shields        | 4 |  4.2

Action                     |  1- 3 |  4- 6 || total
---------------------------+-------+-------++-------
  Melee: Flail             |    62 |    14 ||    76
         Headbutt          |    10 |     3 ||    13
 Armour: Scale mail        |    26 |    11 ||    37
  Dodge: Dodged            |    27 |    11 ||    38
  Block: Buckler           |    11 |     4 ||    15
